 Dungeon Crawl Stone Soup version 0.28-a0-1206-g193881aaa2 (webtiles) character file.

Game seed: 7350932127486819688

179 fragbeetle the Poker (level 5, -1/41 HPs)
             Began as a Merfolk Gladiator on Dec 20, 2021.
             Slain by Crazy Yiuf (2 damage)
             ... on level 2 of the Dungeon.
             The game lasted 00:05:05 (3002 turns).

fragbeetle the Poker (Merfolk Gladiator)            Turns: 3002, Time: 00:05:06

Health: -1/41      AC:  6    Str: 16    XL:     5   Next: 59%
Magic:  5/5        EV: 12    Int:  8    God:
Gold:   58         SH:  0    Dex: 15    Spells: 4/4 levels left

rFire   . . .      SeeInvis .   a - +0 trident
rCold   . . .      Faith    .   (no shield)
rNeg    . . .      Spirit   .   m - +0 ring mail
rPois   .          Reflect  .   c - +0 helmet
rElec   .          Harm     .   (no cloak)
rCorr   .          Rampage  .   (no gloves)
Will    .....                   (no boots)
Stlth   +.........              k - amulet of magic regeneration
HPRegen 0.13/turn               (no ring)
MPRegen 0.49/turn               (no ring)

@: no status effects
A: (nimble swimmer 2), mertail
a: no special abilities


You were on level 2 of the Dungeon.
You visited 1 branch of the dungeon, and saw 2 of its levels.

You collected 58 gold pieces.

Inventory:

Hand Weapons
 a - a +0 trident (weapon)
Missiles
 d - 3 throwing nets
 h - 67 stones (quivered)
Armour
 b - a +0 leather armour
 c - a +0 helmet (worn)
 m - a +0 ring mail (worn)
Jewellery
 k - an amulet of magic regeneration (around neck)
Wands
 o - a wand of flame (2)
Scrolls
 f - 2 scrolls of noise {unknown}
 g - 3 scrolls of teleportation {unknown}
 j - 2 scrolls of identify {unknown}
Potions
 e - 3 potions of heal wounds {unknown}
 i - 2 potions of attraction {unknown}
 l - a potion of flight {unknown}
 n - a potion of curing {unknown}
 p - a potion of degeneration {unknown}


   Skills:
 + Level 3.2 Fighting
 * Level 6.2 Polearms
 + Level 2.9 Throwing
 + Level 1.1 Armour
 + Level 4.9 Dodging


You had 4 spell levels left.
You didn't know any spells.
Your spell library was empty.

Dungeon Overview and Level Annotations

Branches:
Dungeon (2/15)

Altars:
Makhleb

Annotations:
D:2 Crazy Yiuf


Innate Abilities, Weirdness & Mutations

((You are quick and stealthy near water. (Stealth+, EV+, Speed+++)))
Your lower body shifts to a powerful aquatic tail in water.


Message History

You feel Natasha's spirit has finally been put to rest.
o - a wand of flame (2);
p - a smoky ruby potion
There is an open door here.
There is an open door here.
There is an open door here.
You see here a +0 dagger.
There is an open door here.
There is an open door here.
You see here a +0 dagger.
There is an open door here.
There is an open door here.
You see here a +0 mace.
You see here a +0 mace.
You see here a +0 mace.
You see here a +0 mace.
Crazy Yiuf shouts!
Crazy Yiuf says, "Announcement ladder unthinkable!"
You open the door. You barely miss Crazy Yiuf.
Crazy Yiuf laughs, "You cloud foot!"
Crazy Yiuf hits you with a +2 quarterstaff of chaos.
Crazy Yiuf burns you.
You hit Crazy Yiuf.
Crazy Yiuf is lightly wounded.
Crazy Yiuf completely misses you.
You hit Crazy Yiuf.
Crazy Yiuf is moderately wounded.
Crazy Yiuf hits you with a +2 quarterstaff of chaos!
Crazy Yiuf freezes you.
You hit Crazy Yiuf but do no damage.
Crazy Yiuf is moderately wounded.
Crazy Yiuf hits you with a +2 quarterstaff of chaos!
Crazy Yiuf burns you.
* * * LOW HITPOINT WARNING * * *
You hit Crazy Yiuf.
Crazy Yiuf is heavily wounded.
Crazy Yiuf hits you with a +2 quarterstaff of chaos!
* * * LOW HITPOINT WARNING * * *
Crazy Yiuf burns you.
You die...

#.........).#
#.............
#.#######.###
#.##########..
#.# #.# #.#
#..... #.# ###
### #.#### #.#
#.#... #.###♣♣♣♣♣
#.....
#.##)P.♣.♣♣♣ ###
####...
#.).))).♣..♣#...#
#....#.
#...)))♣♣♣♣@g...#
#.#..#. ##)#))♣♣
♣♣#..)# #.#..#.
####♣♣ ###
#.#.... #.#....
#.##### #......
####.###'#
#.........
#.........


You could see Crazy Yiuf.

Vanquished Creatures
  Natasha (thrice) (D:2)
  7 adders (D:2)
  3 dart slugs
  5 ball pythons
  4 endoplasms
  2 giant cockroaches
  A goblin (D:2)
  2 hobgoblins (D:1)
  2 jackals (D:1)
  2 quokkas (D:2)
  2 bats
  6 frilled lizards
  A kobold (D:1)
  4 rats (D:1)
44 creatures vanquished.

Notes
Turn   | Place    | Note
-------+----------+-------------------------------------------
     0 | D:1      | fragbeetle the Merfolk Gladiator began the quest for the
                  | Orb.
     0 | D:1      | Reached XP level 1. HP: 16/16 MP: 1/1
   161 | D:1      | Found a faded altar of an unknown god.
   395 | D:1      | Reached XP level 2. HP: 23/23 MP: 2/2
   953 | D:1      | Reached skill level 5 in Polearms
  1069 | D:2      | Reached XP level 3. HP: 17/28 MP: 3/3
  1407 | D:2      | Reached XP level 4. HP: 33/34 MP: 4/4
  1442 | D:2      | Found a burning altar of Makhleb.
  1702 | D:2      | Found a runed translucent door.
  1703 | D:2      | Noticed Crazy Yiuf
  1872 | D:2      | Noticed Natasha
  1881 | D:2      | Killed Natasha
  1882 | D:2      | Reached XP level 5. HP: 5/41 MP: 5/5
  2072 | D:2      | Noticed Natasha
  2080 | D:2      | Killed Natasha
  2081 | D:2      | Reached skill level 6 in Polearms
  2081 | D:2      | Reached skill level 1 in Armour
  2349 | D:2      | Found a runed translucent door.
  2402 | D:2      | Found a burning altar of Makhleb.
  2702 | D:2      | Noticed Natasha
  2709 | D:2      | Killed Natasha
  3002 | D:2      | HP: 1/41 [Crazy Yiuf (8)]
  3002 | D:2      | Slain by Crazy Yiuf

Illustrated notes

Levels and vault maps discovered:
D:1:      saegor_arrival_fortress, layout_basic,
          hellmonk_ecumenical_altar_lost_god
D:2:      layout_basic, basic_altar, uniq_crazy_yiuf_cottage, uniq_natasha

Skill      XL: |  1  2  3  4  5 |
---------------+----------------+-----
Polearms       | 5 6 |  6.2
Fighting       | 3 |  3.2
Armour         | 1 |  1.1
Throwing       | |  2.9
Dodging        | |  4.9

Action                   |  1- 3 |  4- 6 || total
-------------------------+-------+-------++-------
Melee: Trident           |    88 |    51 ||   139
Throw: Stone             |     1 |     3 ||     4
 Stab: Sleeping          |     1 |       ||     1
Armor: Leather armour    |     9 |       ||     9
       Ring mail         |    10 |    11 ||    21
Dodge: Dodged            |    41 |    10 ||    51

Table legend: (Time is in decaauts)
 A = Elapsed time spent in this place.
 B = Non-inter-level travel time spent in this place.
 C = Inter-level travel time spent in this place.
 D = Time resting spent in this place.
 E = Time spent auto-exploring this place.
 F = Levels seen in this place.
 G = Mean time per level.
                   A        B        C        D        E       F      G
               +--------+--------+--------+--------+--------+-----+--------+
         Total |   2974 |   2964 |     10 |    732 |   1701 |   2 | 1487.0 |
       Dungeon |   2974 |   2964 |     10 |    732 |   1701 |   2 | 1487.0 |
               +--------+--------+--------+--------+--------+-----+--------+

Top non-repeatable levels by time:
     D:2: 1855 daAuts
     D:1: 1118 daAuts
